 Seeded DCSS version 0.28-a0-751-gef3a642a4e (webtiles) character file.

Game seed: 910205596226628521 (custom seed)

301 flotson the Skirmisher (level 6, -3/49 HPs)
             Began as a Demonspawn Delver on Oct 30, 2021.
             Slain by an orc warrior (8 damage)
             ... on level 3 of the Dungeon.
             The game lasted 00:09:34 (2657 turns).

flotson the Skirmisher (Demonspawn Delver)          Turns: 2657, Time: 00:09:35

Health: -3/49      AC:  7    Str: 14    XL:     6   Next: 14%
Magic:  6/6        EV: 10    Int: 14    God:
Gold:   106        SH:  0    Dex: 14    Spells: 5/5 levels left

rFire   . . .      SeeInvis .   b - +9 hunting sling "Muik" {vorpal, Int+2}
rCold   . . .      Faith    .   (no shield)
rNeg    . . .      Spirit   .   q - +0 scale mail
rPois   .          Reflect  .   (helmet restricted)
rElec   .          Harm     .   (no cloak)
rCorr   .          Rampage  .   p - +0 pair of gloves
Will    +....                   (no boots)
Stlth   +.........              (no amulet)
HPRegen 0.16/turn               k - ring of willpower
MPRegen 0.10/turn               (no ring)

@: about to teleport
A: horns 2
a: no special abilities


You were on level 3 of the Dungeon.
You visited 1 branch of the dungeon, and saw 5 of its levels.

You collected 106 gold pieces.

Inventory:

Hand Weapons
 a - a +0 hand axe
 b - the +9 hunting sling "Muik" (weapon) {vorpal, Int+2}
   (You found it on level 5 of the Dungeon)

   Any ammunition fired from it inflicts extra damage upon your enemies.
   Int:       It affects your intelligence (+2).
 e - a +0 scimitar
 t - a +0 halberd
Missiles
 j - 63 stones (quivered ammo)
 r - 2 javelins
Armour
 h - a +0 chain mail
 p - a +0 pair of gloves (worn)
 q - a +0 scale mail (worn)
Jewellery
 k - a ring of willpower (left hand)
Wands
 g - a wand of digging (1)
Scrolls
 c - 2 scrolls of fog
 d - a scroll of vulnerability {unknown}
 i - a scroll of teleportation
 m - a scroll of identify {unknown}
 o - a scroll of acquirement {unknown}
Potions
 f - 3 potions of curing {unknown}
 l - 2 potions of heal wounds {unknown}
 n - a potion of brilliance {unknown}
 s - a potion of flight {unknown}


   Skills:
 + Level 4.6 Fighting
 - Level 1.7 Axes
 + Level 3.0 Armour
 + Level 3.6 Dodging
 - Level 4.5 Stealth


You had 5 spell levels left.
You didn't know any spells.
Your spell library contained the following spells:

 Spells                   Type           Power      Damage    Failure   Level
 Animate Skeleton         Necr           0%         N/A       75%         1
 Pain                     Necr           0%         1d4       75%         1
 Vampiric Draining        Necr           0%         2d6       98%         3
 Passage of Golubria      Tloc           0%         N/A       100%        4
 Silence                  Hex/Air        0%         N/A       100%        5
 Lehudib's Crystal Spear  Conj/Erth      0%         10d2      100%        8


Dungeon Overview and Level Annotations

Branches:
Dungeon (5/15)
 Temple: D:4-7

Altars:
Ashenzari
Fedhas
Uskayaw


Innate Abilities, Weirdness & Mutations

You have a pair of horns on your head.


Message History

j - 61 stones (gained 1)
You see here a rat corpse.
Things that are here:
a +0 robe; a +0 dagger; an orc skeleton
j - 62 stones (gained 1)
j - 63 stones (gained 1)
Things that are here:
a +0 robe; a +0 dagger; an orc skeleton
Things that are here:
a +0 dagger; an orc skeleton
There is an open door here.
An orc and an orc warrior come into view.
The orc shouts!
The orc warrior shouts!
The orc warrior drinks a potion.
The orc warrior goes berserk!
The orc moves out of view.
There is an open door here.
Press: ? - help, v - describe, . - travel
Here: an orc warrior, wielding a +0 long sword and wearing a +0 chain mail (berserk)
The floor.
The orc hits you but does no damage. The orc hits you with a +0 short sword.
The orc hits you but does no damage.
The orc warrior rages.
The orc misses you. The orc barely misses you. The orc barely misses you.
The orc warrior hits you with a +0 long sword!!
The orc hits you but does no damage. The orc closely misses you.
There is an open door here.
The orc warrior hits you with a +0 long sword!!
* * * LOW HITPOINT WARNING * * *
Okay, then.
Unknown command.
Okay, then.
Unknown command.
As you read the scroll labelled HATATHR TABRUMI, it crumbles to dust.
You feel strangely unstable.
It was a scroll of teleportation.
The orc warrior hits you with a +0 long sword!
You die...

### #.. ######## #..
#......# #..
########......##### ###
#..>......<.......##...
#
#.####....oo.$..........
# #.####o####........ #
#.'..@....+........ #
###.#...#.#........ #
#.#._.#.#........ #
###.#...#.#......## #
#.'.......'.......# #
#.####'####.......# #
#......#..........# #
##.########.......# #
#)###### #.......# #


You could see an orc warrior (berserk) and an orc.

Vanquished Creatures
  A black bear (D:4)
  An orc wizard (D:3)
  Robin (D:2)
  10 gnolls
  An adder (D:3)
  3 worms (D:2)
  3 orcs (D:3)
  4 endoplasms
  A giant cockroach (D:2)
  11 goblins
  7 hobgoblins
  6 jackals
  3 quokkas
  4 ball pythons
  2 bats (D:2)
  A frilled lizard (D:2)
  2 kobolds (D:2)
  4 rats
65 creatures vanquished.

Notes
Turn   | Place    | Note
-------+----------+-------------------------------------------
     0 | D:5      | flotson the Demonspawn Delver began the quest for the Orb.
     0 | D:5      | Reached XP level 1. HP: 18/18 MP: 1/1
    29 | D:5      | Identified the +9 hunting sling "Muik" {vorpal, Int+2}
    52 | D:5      | Noticed a scorpion
    68 | D:5      | Noticed an ogre
   126 | D:5      | Noticed an ice beast
   154 | D:5      | Found a hide-covered altar of Uskayaw.
   160 | D:5      | Noticed a phantom
   175 | D:4      | Noticed a black bear
   198 | D:4      | Gained mutation: You have a pair of small horns on your
                  | head. [demonic ancestry]
   198 | D:4      | Reached XP level 2. HP: 24/24 MP: 2/2
   200 | D:4      | Killed a black bear
   201 | D:4      | Reached XP level 3. HP: 30/30 MP: 3/3
   201 | D:4      | Gained mutation: You have a pair of horns on your head.
                  | [demonic ancestry]
   201 | D:4      | Reached XP level 4. HP: 37/37 MP: 4/4
   374 | D:4      | Found a broken altar of Ashenzari.
   412 | D:4      | Noticed a necrophage
   835 | D:3      | Reached XP level 5. HP: 37/42 MP: 5/5
   945 | D:3      | Found a blossoming altar of Fedhas.
   997 | D:3      | Noticed an orc warrior
  1047 | D:2      | Noticed Robin
  1079 | D:2      | Killed Robin
  1579 | D:2      | Reached XP level 6. HP: 49/49 MP: 6/6
  2657 | D:3      | Slain by an orc warrior

Illustrated notes

Levels and vault maps discovered:
D:1:      scummos_arrival_hexagon, layout_basic
D:2:      layout_basic, kennysheep_generic_room_16, uniq_robin
D:3:      layout_basic, mainiacjoe_overflow_cross_hatched,
          mainiacjoe_overflow_six_doors_small, gammafunk_temple_overflow_wave
D:4:      layout_cave_pools, trog_wizard, ashenzari_altar_1,
          minmay_temple_entry_waves, uniq_eustachio
D:5:      kennysheep_big_flooded_room, layout_loops_ring,
          makhleb_blood_cavern_becter, lemuel_round_altar,
          minmay_misc_feat_roman, wad_woods_river_04, uniq_blork_the_orc

Skill      XL: |  1  2  3  4  5  6 |
---------------+-------------------+-----
Dodging        | 2 3 |  3.6
Armour         | 2 3 |  3.0
Fighting       | 4 |  4.6
Axes           | |  1.7
Stealth        | |  4.5

Action                   |  1- 3 |  4- 6 || total
-------------------------+-------+-------++-------
Melee: Hand axe          |     7 |    22 ||    29
       Headbutt          |     3 |     9 ||    12
       Scimitar          |       |    28 ||    28
 Fire: Hunting sling     |       |    91 ||    91
Evoke: Wand              |     6 |     4 ||    10
  Use: Scroll            |     2 |     2 ||     4
       Potion            |     1 |       ||     1
 Stab: Paralysed         |    11 |     5 ||    16
Armor: Chain mail        |     2 |    59 ||    61
       Scale mail        |       |     3 ||     3
Dodge: Dodged            |       |    30 ||    30

Table legend: (Time is in decaauts)
 A = Elapsed time spent in this place.
 B = Non-inter-level travel time spent in this place.
 C = Inter-level travel time spent in this place.
 D = Time resting spent in this place.
 E = Time spent auto-exploring this place.
 F = Levels seen in this place.
 G = Mean time per level.
                   A        B        C        D        E       F      G
               +--------+--------+--------+--------+--------+-----+--------+
         Total |   2667 |   2608 |     59 |      7 |   1698 |   5 |  533.4 |
       Dungeon |   2667 |   2608 |     59 |      7 |   1698 |   5 |  533.4 |
               +--------+--------+--------+--------+--------+-----+--------+

Top non-repeatable levels by time:
     D:2: 1023 daAuts
     D:3: 658 daAuts
     D:1: 572 daAuts
     D:4: 245 daAuts
     D:5: 168 daAuts
